 Dungeon Crawl Stone Soup version 0.19.1 (webtiles) character file.

30 Lionyx the Chiller (level 3, -1/26 HPs)
             Began as a Ghoul Ice Elementalist on Dec 10, 2016.
             Slain by a worm (5 damage)
             ... on level 2 of the Dungeon on Dec 11, 2016.
             The game lasted 00:07:53 (1013 turns).

Lionyx the Chiller (Ghoul Ice Elementalist)         Turns: 1013, Time: 00:07:54

Health: -1/26      AC:  6    Str:  9 (12) XL:     3   Next: 18%
Magic:  5/5        EV:  8    Int:  7 (10) God:
Gold:   5          SH:  0    Dex:  7 (9)  Spells: 1 memorised, 5 levels left

rFire  . . .     SeeInvis .       - Unarmed
rCold  + . .     Gourm    .     d - +0 scale mail
rNeg   + + +     Faith    .     (no shield)
rPois  ∞         Spirit   .     (no helmet)
rElec  .         Reflect  .     (no cloak)
rCorr  .         Harm     .     (no gloves)
MR     .....                    (no boots)
Stlth  ..........               (no amulet)
                                (no ring)
                                (no ring)

@: rotting
A: rotting body, claws 1, carnivore 3, cold resistance 1, negative energy
resistance 3, slow regeneration 1, torment resistance, unbreathing
a: no special abilities


You were on level 2 of the Dungeon.
You were not hungry.

You visited 1 branch of the dungeon, and saw 2 of its levels.

You collected 5 gold pieces.

Inventory:

Hand Weapons
 h - a +0 dagger
 j - a +0 club
Missiles
 i - 19 sling bullets
Armour
 a - a +0 robe
 c - a +0 ring mail
 d - a +0 scale mail (worn)
 e - a +0 helmet
 g - a +0 chain mail
 k - a +0 ring mail
 l - a +0 scale mail
Potions
 f - a potion of degeneration
Books
 b - a book of Frost

   Spells                             Type                      Level
   a - Freeze                         Ice                          1
   b - Throw Frost                    Conjuration/Ice              2
   c - Ozocubu's Armour               Charms/Ice                   3
   d - Throw Icicle                   Conjuration/Ice              4
   e - Summon Ice Beast               Ice/Summoning                4
Comestibles
 m - a slice of pizza
 n - a beef jerky
 o - 7 chunks of flesh


   Skills:
 + Level 0.8 Armour
 + Level 1.9 Dodging
 + Level 2.2 Stealth
 + Level 1.2 Unarmed Combat
 + Level 2.1 Spellcasting
   Level 0.7 Conjurations
 + Level 3.5 Ice Magic


You had 5 spell levels left.
You knew the following spells:

 Your Spells              Type           Power        Failure   Level  Hunger
a - Freeze                Ice            #...         77%         1    ##.....


Dungeon Overview and Level Annotations

Branches:
Dungeon (2/15)

Altars:


Innate Abilities, Weirdness & Mutations

Your body is rotting away.
You thrive on raw meat.
You are immune to poison.
You have sharp fingernails.
You are carnivorous and can eat meat at any time.
Your flesh is cold resistant. (rC+)
You are immune to negative energy. (rN+++)
You regenerate slowly when monsters are visible.
You are immune to unholy pain and torment.
You can survive without breathing.


Message History

The worm is severely wounded.
The worm barely misses you.
You barely miss the worm.
The worm is heavily wounded.
The worm bites you.
You scratch the worm.
The worm is severely wounded.
You scratch the worm.
The worm is almost dead.
The worm closely misses you.
Your scale mail prevents you from hitting the worm.
The worm is almost dead.
You scratch the worm but do no damage.
The worm is almost dead.
The worm bites you.
* * * LOW HITPOINT WARNING * * *
You scratch the worm but do no damage.
The worm is severely wounded.
The worm bites you.
You die...

############
####...[......# #
##.............# ###
###..............# ...
.................#
######...............##
....##................##
.##.##..........@.......
..#.............w.....##
#..## #..............##
.#..###..............#
.....÷..........#.#.##
.###............#...# .#
##...........#.###
.##.............#.#
....##............


You could see a worm.

Vanquished Creatures
  A dart slug (D:2)
  2 leopard geckos
  3 giant cockroaches
  A goblin (D:1)
  2 hobgoblins
  2 jackals (D:1)
  A quokka (D:2)
  A ball python (D:1)
  3 bats
  6 frilled lizards
  3 rats
25 creatures vanquished.

Notes
Turn   | Place    | Note
-------+----------+-------------------------------------------
     0 | D:1      | Lionyx the Ghoul Ice Elementalist began the quest for the Orb.
     0 | D:1      | Reached XP level 1. HP: 14/14 MP: 2/2
   369 | D:1      | Reached XP level 2. HP: 18/20 MP: 4/4
   869 | D:2      | Reached skill level 1 in Unarmed Combat
   880 | D:2      | Reached XP level 3. HP: 10/26 MP: 5/5
  1013 | D:2      | Slain by a worm

Skill      XL: |  1  2 |
---------------+-------+-----
Spellcasting   | 2 |  2.1
Unarmed Combat | 1 |  1.2
Armour         | |  0.8
Dodging        | |  1.9
Stealth        | |  2.2
Conjurations   | |  0.7
Ice Magic      | |  3.5

Action                   || total
-------------------------++-------
Melee: Unarmed           ||   175
 Cast: Freeze            ||     1
  Use: Scroll            ||     1
       Potion            ||     1
  Eat: Chunk             ||    10
       Meat ration       ||     1
Armor: Scale mail        ||   129
       Chain mail        ||     4
Dodge: Dodged            ||   131
